 Dungeon Crawl Stone Soup version 0.31-a0-112-gdf0485fa37 (webtiles) character file.

Game seed: 7331186428867877241

55 Pooter the Chopper (level 3, -1/49 HPs)
             Began as a Minotaur Berserker on May 29, 2023.
             Was a Believer of Trog.
             Slain by a goblin
             ... wielding a +0 club
             ... led by Robin
              (3 damage)
             ... on level 2 of the Dungeon.
             The game lasted 00:07:14 (875 turns).

Pooter the Chopper (Minotaur Berserker)              Turns: 875, Time: 00:07:14

Health: -1/49      AC: 21    Str: 20 (23) XL:     3   Next: 67%
Magic:  2/2        EV:  2    Int:  3 (4)  God:    Trog [**....]
Gold:   121        SH:  0    Dex:  8 (9)  Spells: 2/2 levels left

rFire   . . .        a - +0 quarterstaff
rCold   . . .        (shield currently unavailable)
rNeg    . . .        l - melded +0 scale mail
rPois   +            (helmet currently unavailable)
rElec   .            (cloak currently unavailable)
rCorr   .            (gloves currently unavailable)
SInv    .            (boots currently unavailable)
Will    .....        (no amulet)
Stlth   +            (no ring)
HPRegen 0.28/turn    (no ring)
MPRegen 0.08/turn

%: no passive effects
@: tree-form
A: stationary, stasis, torment immunity, boosted hp, (horns 2), (retaliatory
headbutt)
a: Renounce Religion, Berserk, Trog's Hand


You were on level 2 of the Dungeon.
You worshipped Trog.
Trog was pleased with you.
You were a tree.
You visited 1 branch of the dungeon, and saw 2 of its levels.

You collected 121 gold pieces.

Inventory:

Hand Weapons
 a - a +0 quarterstaff (weapon)
   (You took it off a goblin on level 2 of the Dungeon)
 b - a +0 sling
   (You took it off a goblin on level 2 of the Dungeon)
 c - a +0 hand axe
 h - a +0 club
   (You took it off a kobold on level 2 of the Dungeon)
Missiles
 e - 5 poisoned darts (quivered)
 Q - 12 stones
Armour
 l - a +0 scale mail (melded)
   (You found it on level 2 of the Dungeon)
Scrolls
 g - a scroll of identify {unknown}
 j - a scroll of poison {unknown}
 k - a scroll of fog {unknown}
 m - a scroll of acquirement {unknown}
 t - 5 scrolls of teleportation {@r4}


   Skills:
 + Level 4.1 Fighting
 * Level 4.5 Axes
 * Level 0.7 Ranged Weapons
 - Level 2.4 Armour
 - Level 2.1 Dodging
 - Level 1.4 Stealth


You had 2 spell levels left.
You didn't know any spells.
Your spell library was empty.

Dungeon Overview and Level Annotations

Branches:
Dungeon (2/15)

Altars:

Annotations:
D:2 Sigmund


Innate Abilities, Weirdness & Mutations

You are a tree.
Your roots penetrate the ground, keeping you stationary.
You cannot be teleported.
You are immune to unholy pain and torment.
Your maximum health is greatly increased.
Your equipment is partially melded.
((You have a pair of horns on your head.))
((You reflexively headbutt those who attack you in melee.))


Message History

You cannot move. (Use ctrl+direction or * direction to attack while stationary and confused.)
You cannot move. (Use ctrl+direction or * direction to attack while stationary and confused.)
You cannot move. (Use ctrl+direction or * direction to attack while stationary and confused.)
You cannot move. (Use ctrl+direction or * direction to attack while stationary and confused.)
You swing at nothing.
Sigmund hits you but does no damage. The goblin hits you with a +0 club.
The hobgoblin hits you but does no damage.
Robin hits you but does no damage.
The goblin unwields a +0 sling.
The goblin wields a +0 club.
The goblin hits you but does no damage.
You sock Robin!
You feel less confused. Sigmund hits you but does no damage.
The goblin hits you with a +0 club. Robin hits you but does no damage.
The hobgoblin hits you.
The goblin hits you but does no damage. x2; The hobgoblin hits you.
* * * LOW HITPOINT WARNING * * *
The goblin hits you with a +0 club.
* * * LOW HITPOINT WARNING * * *
Robin hits you with a +0 whip.
* * * LOW HITPOINT WARNING * * *
You barely miss Robin. The goblin hits you but does no damage.
Sigmund hits you but does no damage. The goblin hits you but does no damage.
The hobgoblin hits you but does no damage.
Robin throws the goblin at you! The goblin hits you but does no damage.
You hit Robin.
Your enlightenment fades.
The goblin hits you with a +0 club.
* * * LOW HITPOINT WARNING * * *
Sigmund points at you and mumbles some strange words.
The magic dart hits you but does no damage.
The goblin hits you but does no damage. Robin throws the goblin at you!
The hobgoblin hits you but does no damage.
The goblin hits you but does no damage. The goblin hits you with a +0 club.
* * * LOW HITPOINT WARNING * * *
You cannot move.
You hit Robin but do no damage.
Sigmund hits you from afar with a +0 scythe.
* * * LOW HITPOINT WARNING * * *
The goblin hits you with a +0 club.
* * * LOW HITPOINT WARNING * * *
Robin hits you but does no damage. The hobgoblin hits you.
* * * LOW HITPOINT WARNING * * *
The goblin hits you but does no damage. The goblin completely misses you.
Unknown command.
You sock Robin!
You kill Robin!
Trog accepts your kill. The goblin hits you but does no damage.
The hobgoblin hits you but does no damage.
The goblin hits you with a +0 club.
You die...

g.......>.....#...#
g#............#...#####
.g.##.................##
.).##..................##
....†...................#
..)<#...................#
.<)##.###.†...@.........#
÷††.....†....#...g......#
.÷.....[...###.)♣g......#
...........####.gg.....##
......).....##..........#
..................).....#######
.####......###................#
.#:.#.......##................#
#.#..##...#.##................#
....#.#...#..#................###
.#....#...............##........#


You could see Sigmund, a hobgoblin (strong) and 3 goblins.

Vanquished Creatures
  Robin (D:2)
  A worm (D:2)
  3 endoplasms
  3 giant cockroaches
  8 goblins
  9 hobgoblins
  A quokka (D:2)
  4 ball pythons
  10 bats
  3 kobolds (D:2)
  4 rats
47 creatures vanquished.

Vanquished Creatures (others)
  A hobgoblin (D:2)
1 creature vanquished.

Grand Total: 48 creatures vanquished

Notes
Turn   | Place    | Note
-------+----------+-------------------------------------------
     0 | D:1      | Pooter the Minotaur Berserker began the quest for the Orb.
     0 | D:1      | Reached XP level 1. HP: 19/19 MP: 0/0
   200 | D:1      | Reached XP level 2. HP: 27/27 MP: 1/1
   268 | D:1      | Reached skill level 1 in Stealth
   420 | D:2      | Noticed Sigmund
   527 | D:2      | Reached XP level 3. HP: 33/33 MP: 2/2
   539 | D:2      | Reached ** piety under Trog
   695 | D:2      | Noticed Robin
   874 | D:2      | HP: 1/49 [hobgoblin[Robin] (6)]
   875 | D:2      | Killed Robin
   875 | D:2      | Slain by a goblin

Illustrated notes

Levels and vault maps discovered:
D:1:      kennysheep_arrival_forest, layout_rooms, minmay_liquid_box
D:2:      layout_rooms, amcnicky_mini_corridor_feature, minmay_hexomino_c4,
          uniq_sigmund, uniq_robin

Skill      XL: |  1  2 |
---------------+-------+-----
Axes           | 4 |  4.5
Stealth        | 1 |  1.4
Fighting       | 4 |  4.1
Ranged Weapons | |  0.7
Armour         | |  2.4
Dodging        | |  2.1

Action                     || total
---------------------------++-------
  Melee: Hand axe          ||    52
         Headbutt          ||     9
         Quarterstaff      ||    15
   Fire: Sling             ||    14
 Invoke: Berserk           ||     1
    Use: Potion            ||     3
         Scroll            ||     1
 Armour: Ring mail         ||    28
         Animal skin       ||     3
         Skin              ||    27
         Scale mail        ||    19
  Dodge: Dodged            ||    57

Table legend: (Time is in decaauts)
 A = Elapsed time spent in this place.
 B = Non-inter-level travel time spent in this place.
 C = Inter-level travel time spent in this place.
 D = Time resting spent in this place.
 E = Time spent auto-exploring this place.
 F = Levels seen in this place.
 G = Mean time per level.
                   A        B        C        D        E       F      G
               +--------+--------+--------+--------+--------+-----+--------+
         Total |    904 |    864 |     40 |    143 |    435 |   2 |  452.0 |
       Dungeon |    904 |    864 |     40 |    143 |    435 |   2 |  452.0 |
               +--------+--------+--------+--------+--------+-----+--------+

Top non-repeatable levels by time:
     D:1: 627 daAuts
     D:2: 277 daAuts
